Workbook

Sheet ProyecciónFinal_2025
B3: =CosteoIndividual!B2 -> RESUMEN COTIZACIONES DE PRECIOS - Matriz de Calculo - FDLB-ES-C-085-2025 DOTACION BOTIQUINES
B5: ITEM | C5: PRODUCTO O SERVICIO | D5: ESPECIFICACION TECNICA | E5: DESCRIPCION TECNICA | F5: UNIDAD DE MEDIDA A COTIZAR | G5: CANTIDAD A COTIZAR | H5: VALOR UNITARIO PROMEDIO O MEDIANA (INCLUIDO IVA SI APLICA) | I5: VALOR PROMEDIO O MEDIANA TOTAL (INCLUIDO IVA SI APLICA) | J5: FUENTE DE CONSULTA | K5: DESVIACIÓN ESTÁNDAR | L5: SI DESVEST ES >15% SE PROMEDIA CON MEDIANA | M5: Tecnica Utilizada
B6: =CosteoIndividual!B5 -> 1 | C6: =CosteoIndividual!C5 -> Productos para la curación de heridas | D6: =CosteoIndividual!D5 -> Gasas limpias | E6: =CosteoIndividual!E5 -> Insumo médico esencial para limpieza de heridas, 100% Hilos de algodón Alta capacidad de absorción, empaque individual | F6: =CosteoIndividual!F5 -> Paquete x 20 unidades | G6: =CosteoIndividual!G5 -> 30 | H6: =CosteoIndividual!M5 -> 8000 | I6: =IFERROR(H6*G6,"") -> 240000 | J6: =CosteoIndividual!O5 -> FDLB-ES-C-085-2025 DOTACION BOTIQUINES | K6: =CosteoIndividual!P5 -> 20834.992 | L6: =CosteoIndividual!Q5 -> 1.3332844 | M6: =IF(L6="","",IF(L6<0.15,"Promedio","Mediana")) -> Mediana
B7: =CosteoIndividual!B6 -> 2 | C7: =CosteoIndividual!C6 -> Productos para la curación de heridas | D7: =CosteoIndividual!D6 -> Curas | E7: =CosteoIndividual!E6 -> Tienen como objetivo proteger la zona lesionada, promover la cicatrización, prevenir infecciones y facilitar la regeneración del tejido. | F7: =CosteoIndividual!F6 -> Caja x 100 unidades | G7: =CosteoIndividual!G6 -> 10 | H7: =CosteoIndividual!M6 -> 13000 | I7: =IFERROR(H7*G7,"") -> 130000 | J7: =CosteoIndividual!O6 -> FDLB-ES-C-085-2025 DOTACION BOTIQUINES | K7: =CosteoIndividual!P6 -> 1935.6559 | L7: =CosteoIndividual!Q6 -> 0.15228454 | M7: =IF(L7="","",IF(L7<0.15,"Promedio","Mediana")) -> Mediana
B8: =CosteoIndividual!B7 -> 3 | C8: =CosteoIndividual!C7 -> Productos para la curación de heridas | D8: =CosteoIndividual!D7 -> Gasas estériles | E8: =CosteoIndividual!E7 -> Elaborada en tejidos suaves y absorbentes que se utilizan para limpiar heridas, y proteger áreas lesionadas de la contaminación externa. Estériles y libres de contaminantes para reducir el riesgo de infecciones. Suaves y no irritantes para la piel sensible, en empaque individual. | F8: =CosteoIndividual!F7 -> Paquete x 3 unidades | G8: =CosteoIndividual!G7 -> 30 | H8: =CosteoIndividual!M7 -> 1000 | I8: =IFERROR(H8*G8,"") -> 30000 | J8: =CosteoIndividual!O7 -> FDLB-ES-C-085-2025 DOTACION BOTIQUINES | K8: =CosteoIndividual!P7 -> 8631.1951 | L8: =CosteoIndividual!Q7 -> 1.9537368 | M8: =IF(L8="","",IF(L8<0.15,"Promedio","Mediana")) -> Mediana
B9: =CosteoIndividual!B8 -> 4 | C9: =CosteoIndividual!C8 -> Vendas y vendajes y productos relacionados | D9: =CosteoIndividual!D8 -> Esparadrapo de tela rollo de 4 | E9: =CosteoIndividual!E8 -> Productos recubiertos con adhesivo termo fusible o acrílico. resistente al agua y permeable al aire y al vapor del agua. Permite que la piel respire y la mantiene húmeda. Es hipoalergénica, libre de látex y está indicado para piel sensible. Fácil de rasgar. | F9: =CosteoIndividual!F8 -> Unidad | G9: =CosteoIndividual!G8 -> 10 | H9: =CosteoIndividual!M8 -> 47000 | I9: =IFERROR(H9*G9,"") -> 470000 | J9: =CosteoIndividual!O8 -> FDLB-ES-C-085-2025 DOTACION BOTIQUINES | K9: =CosteoIndividual!P8 -> 41924.056 | L9: =CosteoIndividual!Q8 -> 0.61758811 | M9: =IF(L9="","",IF(L9<0.15,"Promedio","Mediana")) -> Mediana
B10: =CosteoIndividual!B9 -> 5 | C10: =CosteoIndividual!C9 -> Vendas y vendajes y productos relacionados | D10: =CosteoIndividual!D9 -> Esparadrapo de tela rollo de 2.5 | E10: =CosteoIndividual!E9 -> Productos recubiertos con adhesivo termo fusible o acrílico. resistente al agua y permeable al aire y al vapor del agua. Permite que la piel respire y la mantiene húmeda. Es hipoalergénica, libre de látex y está indicado para piel sensible. Fácil de rasgar. | F10: =CosteoIndividual!F9 -> Unidad | G10: =CosteoIndividual!G9 -> 20 | H10: =CosteoIndividual!M9 -> 33000 | I10: =IFERROR(H10*G10,"") -> 660000 | J10: =CosteoIndividual!O9 -> FDLB-ES-C-085-2025 DOTACION BOTIQUINES | K10: =CosteoIndividual!P9 -> 49524.916 | L10: =CosteoIndividual!Q9 -> 0.8559528 | M10: =IF(L10="","",IF(L10<0.15,"Promedio","Mediana")) -> Mediana
B11: =CosteoIndividual!B10 -> 6 | C11: =CosteoIndividual!C10 -> Dispositivos de sujeción de heridas, y accesorios y suministro | D11: =CosteoIndividual!D10 -> Bajalenguas | E11: =CosteoIndividual!E10 -> Producto no estéril de Madera de color crema uniforme, sin olor ni sabor, de superficie y bordes lisos, sin astillas ni perforaciones, resistente a la manipulación. | F11: =CosteoIndividual!F10 -> Paquete x 20 unidades | G11: =CosteoIndividual!G10 -> 20 | H11: =CosteoIndividual!M10 -> 1000 | I11: =IFERROR(H11*G11,"") -> 20000 | J11: =CosteoIndividual!O10 -> FDLB-ES-C-085-2025 DOTACION BOTIQUINES | K11: =CosteoIndividual!P10 -> 25856.991 | L11: =CosteoIndividual!Q10 -> 1.970882 | M11: =IF(L11="","",IF(L11<0.15,"Promedio","Mediana")) -> Mediana
B12: =CosteoIndividual!B11 -> 7 | C12: =CosteoIndividual!C11 -> Guantes y accesorios médicos | D12: =CosteoIndividual!D11 -> Guantes de nitrilo | E12: =CosteoIndividual!E11 -> Guante de examen de nitrilo sin polvo está hecho de 100% de caucho sintético de nitrilo (NR libre de proteína), ambidiestro y no estéril. Se trata con cloro, que es para facilitar al usuario la colocación del guante y también para evitar que la superficie del guante se pegue entre sí. | F12: =CosteoIndividual!F11 -> Caja x 100 unidades color azul | G12: =CosteoIndividual!G11 -> 10 | H12: =CosteoIndividual!M11 -> 22000 | I12: =IFERROR(H12*G12,"") -> 220000 | J12: =CosteoIndividual!O11 -> FDLB-ES-C-085-2025 DOTACION BOTIQUINES | K12: =CosteoIndividual!P11 -> 4558.9053 | L12: =CosteoIndividual!Q11 -> 0.20915045 | M12: =IF(L12="","",IF(L12<0.15,"Promedio","Mediana")) -> Mediana
B13: =CosteoIndividual!B12 -> 8 | C13: =CosteoIndividual!C12 -> Guantes y accesorios médicos | D13: =CosteoIndividual!D12 -> Guantes de nitrilo | E13: =CosteoIndividual!E12 -> Guante de examen de nitrilo sin polvo está hecho de 100% de caucho sintético de nitrilo (NR libre de proteína), ambidiestro y no estéril. Se trata con cloro, que es para facilitar al usuario la colocación del guante y también para evitar que la superficie del guante se pegue entre sí. | F13: =CosteoIndividual!F12 -> Caja x 100 unidades color negro | G13: =CosteoIndividual!G12 -> 40 | H13: =CosteoIndividual!M12 -> 23000 | I13: =IFERROR(H13*G13,"") -> 920000 | J13: =CosteoIndividual!O12 -> FDLB-ES-C-085-2025 DOTACION BOTIQUINES | K13: =CosteoIndividual!P12 -> 10674.13 | L13: =CosteoIndividual!Q12 -> 0.41516307 | M13: =IF(L13="","",IF(L13<0.15,"Promedio","Mediana")) -> Mediana
B14: =CosteoIndividual!B13 -> 9 | C14: =CosteoIndividual!C13 -> Alcoholes o sus sustitutos | D14: =CosteoIndividual!D13 -> Solución salina 200 cc | E14: =CosteoIndividual!E13 -> Generalmente contiene 0.9% de cloruro de sodio (NaCl) disuelto en agua destilada. Equivale a 9 gramos de sal por litro de agua. Esta concentración es isotónica con respecto al plasma sanguíneo humano. Debido a su isotonicidad, no daña las células ni altera el equilibrio de líquidos del cuerpo cuando se administra por vía intravenosa. Los usos médicos más comunes son la hidratación intravenosa, limpieza de heridas y ojos, diluyente de medicamentos intravenosos, lavado nasal o para aliviar la congestión. | F14: =CosteoIndividual!F13 -> unidad | G14: =CosteoIndividual!G13 -> 30 | H14: =CosteoIndividual!M13 -> 4000 | I14: =IFERROR(H14*G14,"") -> 120000 | J14: =CosteoIndividual!O13 -> FDLB-ES-C-085-2025 DOTACION BOTIQUINES | K14: =CosteoIndividual!P13 -> 1117.0519 | L14: =CosteoIndividual!Q13 -> 0.28788292 | M14: =IF(L14="","",IF(L14<0.15,"Promedio","Mediana")) -> Mediana
B15: =CosteoIndividual!B14 -> 10 | C15: =CosteoIndividual!C14 -> Alcoholes o sus sustitutos | D15: =CosteoIndividual!D14 -> Solución salina de 500 cc | E15: =CosteoIndividual!E14 -> Generalmente contiene 0.9% de cloruro de sodio (NaCl) disuelto en agua destilada. Equivale a 9 gramos de sal por litro de agua. Esta concentración es isotónica con respecto al plasma sanguíneo humano. Debido a su isotonicidad, no daña las células ni altera el equilibrio de líquidos del cuerpo cuando se administra por vía intravenosa. Los usos médicos más comunes son la hidratación intravenosa, limpieza de heridas y ojos, diluyente de medicamentos intravenosos, lavado nasal o para aliviar la congestión. | F15: =CosteoIndividual!F14 -> unidad | G15: =CosteoIndividual!G14 -> 10 | H15: =CosteoIndividual!M14 -> 3000 | I15: =IFERROR(H15*G15,"") -> 30000 | J15: =CosteoIndividual!O14 -> FDLB-ES-C-085-2025 DOTACION BOTIQUINES | K15: =CosteoIndividual!P14 -> 1215.7644 | L15: =CosteoIndividual!Q14 -> 0.31233109 | M15: =IF(L15="","",IF(L15<0.15,"Promedio","Mediana")) -> Mediana
B16: =CosteoIndividual!B15 -> 11 | C16: =CosteoIndividual!C15 -> Vendas y vendajes y productos relacionados | D16: =CosteoIndividual!D15 -> Venda elástica 2*5 yardas | E16: =CosteoIndividual!E15 -> Material de uso común en medicina y primeros auxilios, especialmente útil para brindar soporte, compresión y protección en lesiones musculares o articulares, sus características principales: Se puede estirar y recuperar su forma original, permite ajustar la presión según la necesidad terapéutica, ayuda a reducir la inflamación y el edema, mejora la circulación venosa (por ejemplo, en casos de varices), se usa para inmovilizar parcialmente articulaciones (como tobillos, muñecas o rodillas), previene el movimiento excesivo de músculos o ligamentos lesionados. Generalmente está hecha de una mezcla de algodón, poliéster y látex, permite el paso del aire, reduciendo el riesgo de maceración de la piel. | F16: =CosteoIndividual!F15 -> Unidad | G16: =CosteoIndividual!G15 -> 20 | H16: =CosteoIndividual!M15 -> 1000 | I16: =IFERROR(H16*G16,"") -> 20000 | J16: =CosteoIndividual!O15 -> FDLB-ES-C-085-2025 DOTACION BOTIQUINES | K16: =CosteoIndividual!P15 -> 380.17097 | L16: =CosteoIndividual!Q15 -> 0.26187985 | M16: =IF(L16="","",IF(L16<0.15,"Promedio","Mediana")) -> Mediana
B17: =CosteoIndividual!B16 -> 12 | C17: =CosteoIndividual!C16 -> Acesorios médicos | D17: =CosteoIndividual!D16 -> Tapabocas | E17: =CosteoIndividual!E16 -> dispositivos médicos diseñados para proteger tanto al usuario como a las personas a su alrededor de la transmisión de agentes infecciosos. Tienen 3 capas, capa externa: hidrofóbica (resistente a líquidos), capa intermedia: filtro que retiene partículas y bacterias, capa interna: hidrofílica (absorbe humedad de la respiración). Hechos comúnmente de polipropileno, un material no tejido que permite una buena filtración y respirabilidad. Filtran entre el 95% y 98% de bacterias y partículas grandes (según estándares como ASTM o EN14683). No son eficaces para partículas muy pequeñas como los aerosoles (a diferencia de los respiradores tipo N95 o FFP2). Son desechables, para un solo uso. No deben lavarse ni reutilizarse. Rectangular y plegable, con pliegues horizontales para ajustarse mejor a la cara. Cuentan con elástico para las orejas o cintas para anudar. Incluyen un clip nasal metálico para mejor ajuste en la nariz. Diseñados para ser ligeros, cómodos y permitir una respiración sin dificultad. No deben causar irritación en la piel. | F17: =CosteoIndividual!F16 -> Caja x 100 unidades | G17: =CosteoIndividual!G16 -> 20 | H17: =CosteoIndividual!M16 -> 12000 | I17: =IFERROR(H17*G17,"") -> 240000 | J17: =CosteoIndividual!O16 -> FDLB-ES-C-085-2025 DOTACION BOTIQUINES | K17: =CosteoIndividual!P16 -> 5112.4407 | L17: =CosteoIndividual!Q16 -> 0.41803931 | M17: =IF(L17="","",IF(L17<0.15,"Promedio","Mediana")) -> Mediana
... B35: =CosteoIndividual!B34 -> 30 | C35: =CosteoIndividual!C34 -> Papel libros o cuadernos para bitácora. | D35: =CosteoIndividual!D34 -> Libreta de apuntes | E35: =CosteoIndividual!E34 -> Debe ser pequeña, con hojas suficientes para anotar la información importante de la persona que deba mencionarse al servicio de emergencia. | F35: =CosteoIndividual!F34 -> Unidad | G35: =CosteoIndividual!G34 -> 20 | H35: =CosteoIndividual!M34 -> 6000 | I35: =IFERROR(H35*G35,"") -> 120000 | J35: =CosteoIndividual!O34 -> FDLB-ES-C-085-2025 DOTACION BOTIQUINES | K35: =CosteoIndividual!P34 -> 1121.7071 | L35: =CosteoIndividual!Q34 -> 0.20199413 | M35: =IF(L35="","",IF(L35<0.15,"Promedio","Mediana")) -> Mediana
H36: =SUM(H6:H35) -> 570000 | I36: =SUM(I6:I35) -> 8002000
I39: Elaborado por: | J39: Clara Eugenia Sánchez Diaz
J40: Profesional Planeación
J41: clara.sanchez@gobiernobogota.gov.co

Sheet CosteoIndividual
B2: RESUMEN COTIZACIONES DE PRECIOS - Matriz de Calculo - FDLB-ES-C-085-2025 DOTACION BOTIQUINES
H3: Allers.com.co | I3: INCOMEDICA S.A. | J3: MEDICOX LTDA | K3: OPERANDO | L3: NOBALSE
B4: ITEM | C4: PRODUCTO O SERVICIO | D4: ESPECIFICACION TECNICA | E4: DESCRIPCION TECNICA | F4: UNIDAD DE MEDIDA A COTIZAR | G4: CANTIDAD A COTIZAR | H4: Cotización 1 VALOR UNITARIO (INCLUIDO IVA SI APLICA) | I4: Cotización 2 VALOR UNITARIO (INCLUIDO IVA SI APLICA) | J4: Cotización 3 VALOR UNITARIO (INCLUIDO IVA SI APLICA) | K4: Cotización 4 VALOR UNITARIO (INCLUIDO IVA SI APLICA) | L4: Cotización5 VALOR UNITARIO (INCLUIDO IVA SI APLICA) | M4: VALOR UNITARIO PROMEDIO O MEDIANA (INCLUIDO IVA SI APLICA) | N4: VALOR PROMEDIO O MEDIANA TOTAL (INCLUIDO IVA SI APLICA) | O4: FUENTE DE CONSULTA | P4: DESVIACIÓN ESTÁNDAR | Q4: SI DESVEST ES >15% SE PROMEDIA CON MEDIANA | S4: Cotizaciones Elemento | T4: Probabilidad Ahorro
B5: 1 | C5: Productos para la curación de heridas | D5: Gasas limpias | E5: Insumo médico esencial para limpieza de heridas, 100% Hilos de algodón Alta capacidad de absorción, empaque individual | F5: Paquete x 20 unidades | G5: 30 | H5: 46460 | J5: 8533 | K5: 6880 | L5: 634.27 | M5: =IFERROR(IF(Q5>(0.15),ROUND(MEDIAN(H5:L5),-3),ROUND(AVERAGE(H5:L5),-3)),"") -> 8000 | N5: =IFERROR(M5*G5,"") -> 240000 | O5: FDLB-ES-C-085-2025 DOTACION BOTIQUINES | P5: =IFERROR(STDEV(H5:L5),"") -> 20834.992 | Q5: =IFERROR(P5/AVERAGE(H5:L5),"") -> 1.3332844 | S5: =COUNTIF(H5:L5,">0") -> 4 | T5: =1-(MIN(H5:L5)/M5) -> 0.92071625
B6: 2 | C6: Productos para la curación de heridas | D6: Curas | E6: Tienen como objetivo proteger la zona lesionada, promover la cicatrización, prevenir infecciones y facilitar la regeneración del tejido. | F6: Caja x 100 unidades | G6: 10 | H6: 15651.5 | I6: 12512.4 | J6: 13010.333 | K6: 10300 | L6: 12079.69 | M6: =IFERROR(IF(Q6>(0.15),ROUND(MEDIAN(H6:L6),-3),ROUND(AVERAGE(H6:L6),-3)),"") -> 13000 | N6: =IFERROR(M6*G6,"") -> 130000 | O6: FDLB-ES-C-085-2025 DOTACION BOTIQUINES | P6: =IFERROR(STDEV(H6:L6),"") -> 1935.6559 | Q6: =IFERROR(P6/AVERAGE(H6:L6),"") -> 0.15228454 | S6: =COUNTIF(H6:L6,">0") -> 5 | T6: =1-(MIN(H6:L6)/M6) -> 0.20769231
B7: 3 | C7: Productos para la curación de heridas | D7: Gasas estériles | E7: Elaborada en tejidos suaves y absorbentes que se utilizan para limpiar heridas, y proteger áreas lesionadas de la contaminación externa. Estériles y libres de contaminantes para reducir el riesgo de infecciones. Suaves y no irritantes para la piel sensible, en empaque individual. | F7: Paquete x 3 unidades | G7: 30 | H7: 549 | I7: 603.6 | J7: 380 | K7: 700 | L7: 19856.34 | M7: =IFERROR(IF(Q7>(0.15),ROUND(MEDIAN(H7:L7),-3),ROUND(AVERAGE(H7:L7),-3)),"") -> 1000 | N7: =IFERROR(M7*G7,"") -> 30000 | O7: FDLB-ES-C-085-2025 DOTACION BOTIQUINES | P7: =IFERROR(STDEV(H7:L7),"") -> 8631.1951 | Q7: =IFERROR(P7/AVERAGE(H7:L7),"") -> 1.9537368 | S7: =COUNTIF(H7:L7,">0") -> 5 | T7: =1-(MIN(H7:L7)/M7) -> 0.62
B8: 4 | C8: Vendas y vendajes y productos relacionados | D8: Esparadrapo de tela rollo de 4 | E8: Productos recubiertos con adhesivo termo fusible o acrílico. resistente al agua y permeable al aire y al vapor del agua. Permite que la piel respire y la mantiene húmeda. Es hipoalergénica, libre de látex y está indicado para piel sensible. Fácil de rasgar. | F8: Unidad | G8: 10 | H8: 47358.4 | I8: 126303.6 | J8: 96606 | K8: 43304 | L8: 25845.61 | M8: =IFERROR(IF(Q8>(0.15),ROUND(MEDIAN(H8:L8),-3),ROUND(AVERAGE(H8:L8),-3)),"") -> 47000 | N8: =IFERROR(M8*G8,"") -> 470000 | O8: FDLB-ES-C-085-2025 DOTACION BOTIQUINES | P8: =IFERROR(STDEV(H8:L8),"") -> 41924.056 | Q8: =IFERROR(P8/AVERAGE(H8:L8),"") -> 0.61758811 | S8: =COUNTIF(H8:L8,">0") -> 5 | T8: =1-(MIN(H8:L8)/M8) -> 0.4500934
B9: 5 | C9: Vendas y vendajes y productos relacionados | D9: Esparadrapo de tela rollo de 2.5 | E9: Productos recubiertos con adhesivo termo fusible o acrílico. resistente al agua y permeable al aire y al vapor del agua. Permite que la piel respire y la mantiene húmeda. Es hipoalergénica, libre de látex y está indicado para piel sensible. Fácil de rasgar. | F9: Unidad | G9: 20 | H9: 23600 | I9: 126720 | J9: 93268 | K9: 32625 | L9: 13084 | M9: =IFERROR(IF(Q9>(0.15),ROUND(MEDIAN(H9:L9),-3),ROUND(AVERAGE(H9:L9),-3)),"") -> 33000 | N9: =IFERROR(M9*G9,"") -> 660000 | O9: FDLB-ES-C-085-2025 DOTACION BOTIQUINES | P9: =IFERROR(STDEV(H9:L9),"") -> 49524.916 | Q9: =IFERROR(P9/AVERAGE(H9:L9),"") -> 0.8559528 | S9: =COUNTIF(H9:L9,">0") -> 5 | T9: =1-(MIN(H9:L9)/M9) -> 0.60351515
B10: 6 | C10: Dispositivos de sujeción de heridas, y accesorios y suministro | D10: Bajalenguas | E10: Producto no estéril de Madera de color crema uniforme, sin olor ni sabor, de superficie y bordes lisos, sin astillas ni perforaciones, resistente a la manipulación. | F10: Paquete x 20 unidades | G10: 20 | H10: 1402 | I10: 59367.67 | J10: 1256.64 | K10: 1285.2 | L10: 2286 | M10: =IFERROR(IF(Q10>(0.15),ROUND(MEDIAN(H10:L10),-3),ROUND(AVERAGE(H10:L10),-3)),"") -> 1000 | N10: =IFERROR(M10*G10,"") -> 20000 | O10: FDLB-ES-C-085-2025 DOTACION BOTIQUINES | P10: =IFERROR(STDEV(H10:L10),"") -> 25856.991 | Q10: =IFERROR(P10/AVERAGE(H10:L10),"") -> 1.970882 | S10: =COUNTIF(H10:L10,">0") -> 5 | T10: =1-(MIN(H10:L10)/M10) -> -0.25664
B11: 7 | C11: Guantes y accesorios médicos | D11: Guantes de nitrilo | E11: Guante de examen de nitrilo sin polvo está hecho de 100% de caucho sintético de nitrilo (NR libre de proteína), ambidiestro y no estéril. Se trata con cloro, que es para facilitar al usuario la colocación del guante y también para evitar que la superficie del guante se pegue entre sí. | F11: Caja x 100 unidades color azul | G11: 10 | H11: 22170 | I11: 25758.6 | J11: 18405.667 | K11: 16065 | L11: 26587 | M11: =IFERROR(IF(Q11>(0.15),ROUND(MEDIAN(H11:L11),-3),ROUND(AVERAGE(H11:L11),-3)),"") -> 22000 | N11: =IFERROR(M11*G11,"") -> 220000 | O11: FDLB-ES-C-085-2025 DOTACION BOTIQUINES | P11: =IFERROR(STDEV(H11:L11),"") -> 4558.9053 | Q11: =IFERROR(P11/AVERAGE(H11:L11),"") -> 0.20915045 | S11: =COUNTIF(H11:L11,">0") -> 5 | T11: =1-(MIN(H11:L11)/M11) -> 0.26977273
B12: 8 | C12: Guantes y accesorios médicos | D12: Guantes de nitrilo | E12: Guante de examen de nitrilo sin polvo está hecho de 100% de caucho sintético de nitrilo (NR libre de proteína), ambidiestro y no estéril. Se trata con cloro, que es para facilitar al usuario la colocación del guante y también para evitar que la superficie del guante se pegue entre sí. | F12: Caja x 100 unidades color negro | G12: 40 | H12: 43030 | I12: 23367.8 | J12: 18405.667 | K12: 16065 | L12: 27685 | M12: =IFERROR(IF(Q12>(0.15),ROUND(MEDIAN(H12:L12),-3),ROUND(AVERAGE(H12:L12),-3)),"") -> 23000 | N12: =IFERROR(M12*G12,"") -> 920000 | O12: FDLB-ES-C-085-2025 DOTACION BOTIQUINES | P12: =IFERROR(STDEV(H12:L12),"") -> 10674.13 | Q12: =IFERROR(P12/AVERAGE(H12:L12),"") -> 0.41516307 | S12: =COUNTIF(H12:L12,">0") -> 5 | T12: =1-(MIN(H12:L12)/M12) -> 0.30152174
B13: 9 | C13: Alcoholes o sus sustitutos | D13: Solución salina 200 cc | E13: Generalmente contiene 0.9% de cloruro de sodio (NaCl) disuelto en agua destilada. Equivale a 9 gramos de sal por litro de agua. Esta concentración es isotónica con respecto al plasma sanguíneo humano. Debido a su isotonicidad, no daña las células ni altera el equilibrio de líquidos del cuerpo cuando se administra por vía intravenosa. Los usos médicos más comunes son la hidratación intravenosa, limpieza de heridas y ojos, diluyente de medicamentos intravenosos, lavado nasal o para aliviar la congestión. | F13: unidad | G13: 30 | H13: 3658.15 | I13: 5016 | J13: 2693 | K13: 2967 | L13: 5067 | M13: =IFERROR(IF(Q13>(0.15),ROUND(MEDIAN(H13:L13),-3),ROUND(AVERAGE(H13:L13),-3)),"") -> 4000 | N13: =IFERROR(M13*G13,"") -> 120000 | O13: FDLB-ES-C-085-2025 DOTACION BOTIQUINES | P13: =IFERROR(STDEV(H13:L13),"") -> 1117.0519 | Q13: =IFERROR(P13/AVERAGE(H13:L13),"") -> 0.28788292 | S13: =COUNTIF(H13:L13,">0") -> 5 | T13: =1-(MIN(H13:L13)/M13) -> 0.32675
B14: 10 | C14: Alcoholes o sus sustitutos | D14: Solución salina de 500 cc | E14: Generalmente contiene 0.9% de cloruro de sodio (NaCl) disuelto en agua destilada. Equivale a 9 gramos de sal por litro de agua. Esta concentración es isotónica con respecto al plasma sanguíneo humano. Debido a su isotonicidad, no daña las células ni altera el equilibrio de líquidos del cuerpo cuando se administra por vía intravenosa. Los usos médicos más comunes son la hidratación intravenosa, limpieza de heridas y ojos, diluyente de medicamentos intravenosos, lavado nasal o para aliviar la congestión. | F14: unidad | G14: 10 | H14: 3294.75 | I14: 4830 | J14: 2943 | K14: 2858 | L14: 5537 | M14: =IFERROR(IF(Q14>(0.15),ROUND(MEDIAN(H14:L14),-3),ROUND(AVERAGE(H14:L14),-3)),"") -> 3000 | N14: =IFERROR(M14*G14,"") -> 30000 | O14: FDLB-ES-C-085-2025 DOTACION BOTIQUINES | P14: =IFERROR(STDEV(H14:L14),"") -> 1215.7644 | Q14: =IFERROR(P14/AVERAGE(H14:L14),"") -> 0.31233109 | S14: =COUNTIF(H14:L14,">0") -> 5 | T14: =1-(MIN(H14:L14)/M14) -> 0.047333333
B15: 11 | C15: Vendas y vendajes y productos relacionados | D15: Venda elástica 2*5 yardas | E15: Material de uso común en medicina y primeros auxilios, especialmente útil para brindar soporte, compresión y protección en lesiones musculares o articulares, sus características principales: Se puede estirar y recuperar su forma original, permite ajustar la presión según la necesidad terapéutica, ayuda a reducir la inflamación y el edema, mejora la circulación venosa (por ejemplo, en casos de varices), se usa para inmovilizar parcialmente articulaciones (como tobillos, muñecas o rodillas), previene el movimiento excesivo de músculos o ligamentos lesionados. Generalmente está hecha de una mezcla de algodón, poliéster y látex, permite el paso del aire, reduciendo el riesgo de maceración de la piel. | F15: Unidad | G15: 20 | H15: 1359.3 | I15: 1447.2 | J15: 1280 | K15: 1084 | L15: 2088 | M15: =IFERROR(IF(Q15>(0.15),ROUND(MEDIAN(H15:L15),-3),ROUND(AVERAGE(H15:L15),-3)),"") -> 1000 | N15: =IFERROR(M15*G15,"") -> 20000 | O15: FDLB-ES-C-085-2025 DOTACION BOTIQUINES | P15: =IFERROR(STDEV(H15:L15),"") -> 380.17097 | Q15: =IFERROR(P15/AVERAGE(H15:L15),"") -> 0.26187985 | S15: =COUNTIF(H15:L15,">0") -> 5 | T15: =1-(MIN(H15:L15)/M15) -> -0.084
B16: 12 | C16: Acesorios médicos | D16: Tapabocas | E16: dispositivos médicos diseñados para proteger tanto al usuario como a las personas a su alrededor de la transmisión de agentes infecciosos. Tienen 3 capas, capa externa: hidrofóbica (resistente a líquidos), capa intermedia: filtro que retiene partículas y bacterias, capa interna: hidrofílica (absorbe humedad de la respiración). Hechos comúnmente de polipropileno, un material no tejido que permite una buena filtración y respirabilidad. Filtran entre el 95% y 98% de bacterias y partículas grandes (según estándares como ASTM o EN14683). No son eficaces para partículas muy pequeñas como los aerosoles (a diferencia de los respiradores tipo N95 o FFP2). Son desechables, para un solo uso. No deben lavarse ni reutilizarse. Rectangular y plegable, con pliegues horizontales para ajustarse mejor a la cara. Cuentan con elástico para las orejas o cintas para anudar. Incluyen un clip nasal metálico para mejor ajuste en la nariz. Diseñados para ser ligeros, cómodos y permitir una respiración sin dificultad. No deben causar irritación en la piel. | F16: Caja x 100 unidades | G16: 20 | H16: 20284.74 | I16: 11395.44 | J16: 6029.6667 | K16: 11662 | L16: 11776 | M16: =IFERROR(IF(Q16>(0.15),ROUND(MEDIAN(H16:L16),-3),ROUND(AVERAGE(H16:L16),-3)),"") -> 12000 | N16: =IFERROR(M16*G16,"") -> 240000 | O16: FDLB-ES-C-085-2025 DOTACION BOTIQUINES | P16: =IFERROR(STDEV(H16:L16),"") -> 5112.4407 | Q16: =IFERROR(P16/AVERAGE(H16:L16),"") -> 0.41803931 | S16: =COUNTIF(H16:L16,">0") -> 5 | T16: =1-(MIN(H16:L16)/M16) -> 0.49752778
B17: 13 | C17: Vendas y vendajes y productos relacionados | D17: Venda elástica 3*5 yardas | E17: Material de uso común en medicina y primeros auxilios, especialmente útil para brindar soporte, compresión y protección en lesiones musculares o articulares, sus características principales: Se puede estirar y recuperar su forma original, permite ajustar la presión según la necesidad terapéutica, ayuda a reducir la inflamación y el edema, mejora la circulación venosa (por ejemplo, en casos de varices), se usa para inmovilizar parcialmente articulaciones (como tobillos, muñecas o rodillas), previene el movimiento excesivo de músculos o ligamentos lesionados. Generalmente está hecha de una mezcla de algodón, poliéster y látex, permite el paso del aire, reduciendo el riesgo de maceración de la piel. | F17: Unidad | G17: 20 | H17: 1633 | I17: 1808.4 | J17: 1733 | K17: 1300 | L17: 2608 | M17: =IFERROR(IF(Q17>(0.15),ROUND(MEDIAN(H17:L17),-3),ROUND(AVERAGE(H17:L17),-3)),"") -> 2000 | N17: =IFERROR(M17*G17,"") -> 40000 | O17: FDLB-ES-C-085-2025 DOTACION BOTIQUINES | P17: =IFERROR(STDEV(H17:L17),"") -> 483.20663 | Q17: =IFERROR(P17/AVERAGE(H17:L17),"") -> 0.26601264 | S17: =COUNTIF(H17:L17,">0") -> 5 | T17: =1-(MIN(H17:L17)/M17) -> 0.35
... B20: 16 | C20: Vendas y vendajes y productos relacionados | D20: Venda de algodón de 5*5 yardas | E20: Fabricada con algodón 100%, lo que la hace suave y absorbente. Alta capacidad de absorber líquidos, como sangre, exudados y otros fluidos corporales. Permite el paso del aire, favoreciendo la oxigenación de la herida y evitando la maceración de la piel. Generalmente no causa reacciones alérgicas, ideal para personas con piel sensible. Suave al tacto, no irrita la piel. Por lo general, no elástica, lo que le da firmeza, pero menor adaptabilidad en zonas curvas. En rollos de diferentes anchos y largos, según el uso clínico. Puede encontrarse en versiones estériles (para heridas abiertas) y no estériles (para fijaciones externas o protección). Para fijar apósitos, cubrir heridas, proteger zonas lesionadas, y a veces como soporte para inmovilización leve. | F20: Unidad | G20: 20 | H20: 2893.4 | I20: 3254.4 | J20: 32800 | K20: 2388 | L20: 4696 | M20: =IFERROR(IF(Q20>(0.15),ROUND(MEDIAN(H20:L20),-3),ROUND(AVERAGE(H20:L20),-3)),"") -> 3000 | N20: =IFERROR(M20*G20,"") -> 60000 | O20: FDLB-ES-C-085-2025 DOTACION BOTIQUINES | P20: =IFERROR(STDEV(H20:L20),"") -> 13217.153 | Q20: =IFERROR(P20/AVERAGE(H20:L20),"") -> 1.4356546 | S20: =COUNTIF(H20:L20,">0") -> 5 | T20: =1-(MIN(H20:L20)/M20) -> 0.204
B21: 17 | C21: Alcoholes o sus sustitutos | D21: Jabón quirúrgico | E21: Contiene sustancias como clorhexidina, yodopovidona, triclosán o alcoholes que eliminan una amplia gama de microorganismos (bacterias, virus, hongos). Continúa actuando sobre la piel incluso después del lavado, ofreciendo protección durante horas. Aunque es fuerte contra los gérmenes, suele contener emolientes o humectantes (como glicerina) para evitar irritaciones en el uso frecuente. Para evitar reacciones alérgicas o interferencias con procedimientos quirúrgicos. Compatible con la piel humana, generalmente con pH cercano al neutro. Está validado por normas sanitarias y protocolos hospitalarios (como las normas de la OMS, CDC, o FDA). | F21: Frasco x 120 ml | G21: 20 | H21: 24561.6 | J21: 5529 | K21: 8015 | L21: 12477 | M21: =IFERROR(IF(Q21>(0.15),ROUND(MEDIAN(H21:L21),-3),ROUND(AVERAGE(H21:L21),-3)),"") -> 10000 | N21: =IFERROR(M21*G21,"") -> 200000 | O21: FDLB-ES-C-085-2025 DOTACION BOTIQUINES | P21: =IFERROR(STDEV(H21:L21),"") -> 8448.0359 | Q21: =IFERROR(P21/AVERAGE(H21:L21),"") -> 0.66805866 | S21: =COUNTIF(H21:L21,">0") -> 4 | T21: =1-(MIN(H21:L21)/M21) -> 0.4471
B22: 18 | C22: Termómetro electrónico para uso médico | D22: Termómetro digital | E22: Instrumento moderno para medir la temperatura corporal, muestra la temperatura en números, facilitando su lectura rápida y precisa, proporciona resultados en pocos segundos (generalmente entre 10 y 60 segundos). Tiene un margen de error pequeño, usualmente de ±0.1 °C a ±0.2 °C en modelos clínicos, emite un pitido cuando ha terminado la medición o si detecta fiebre. Se apaga solo tras un período de inactividad para ahorrar batería. | F22: Unidad | G22: 20 | H22: 12453 | I22: 18659.67 | J22: 8725.08 | K22: =6875+1306 -> 8181 | L22: 14552 | M22: =IFERROR(IF(Q22>(0.15),ROUND(MEDIAN(H22:L22),-3),ROUND(AVERAGE(H22:L22),-3)),"") -> 12000 | N22: =IFERROR(M22*G22,"") -> 240000 | O22: FDLB-ES-C-085-2025 DOTACION BOTIQUINES | P22: =IFERROR(STDEV(H22:L22),"") -> 4331.7787 | Q22: =IFERROR(P22/AVERAGE(H22:L22),"") -> 0.34615046 | S22: =COUNTIF(H22:L22,">0") -> 5 | T22: =1-(MIN(H22:L22)/M22) -> 0.31825
B23: 19 | C23: Alcoholes o sus sustitutos | D23: Alcohol antiséptico | E23: Concentración habitual: entre 60% y 90% (lo ideal para eficacia antiséptica es entre 70% y 75%). Puede contener otros ingredientes como agua purificada, glicerina (para evitar resequedad), o peróxido de hidrógeno en pequeñas cantidades. Líquido incoloro, volátil y de rápida evaporación, olor característico fuerte, Inflamable. Actúa rompiendo las membranas celulares de bacterias, virus y hongos, eficaz contra microorganismos comunes como E. coli, Staphylococcus aureus y virus con envoltura como el de la gripe o el SARS-CoV-2, No es efectivo contra esporas bacterianas (como las del Clostridium difficile). Desinfección de la piel antes de inyecciones o procedimientos médicos. Limpieza de manos (cuando no hay agua y jabón). | F23: Frasco x 120 ml | G23: 20 | H23: 3067.05 | J23: 2295 | L23: 5774 | M23: =IFERROR(IF(Q23>(0.15),ROUND(MEDIAN(H23:L23),-3),ROUND(AVERAGE(H23:L23),-3)),"") -> 3000 | N23: =IFERROR(M23*G23,"") -> 60000 | O23: FDLB-ES-C-085-2025 DOTACION BOTIQUINES | P23: =IFERROR(STDEV(H23:L23),"") -> 1826.9775 | Q23: =IFERROR(P23/AVERAGE(H23:L23),"") -> 0.49217923 | S23: =COUNTIF(H23:L23,">0") -> 3 | T23: =1-(MIN(H23:L23)/M23) -> 0.235
B24: 20 | C24: Alcoholes o sus sustitutos | D24: Alcohol antiséptico | E24: Concentración habitual: entre 60% y 90% (lo ideal para eficacia antiséptica es entre 70% y 75%).Puede contener otros ingredientes como agua purificada, glicerina (para evitar resequedad), o peróxido de hidrógeno en pequeñas cantidades. Líquido incoloro, volátil y de rápida evaporación, olor característico fuerte, Inflamable. Actúa rompiendo las membranas celulares de bacterias, virus y hongos, eficaz contra microorganismos comunes como E. coli, Staphylococcus aureus y virus con envoltura como el de la gripe o el SARS-CoV-2, No es efectivo contra esporas bacterianas (como las del Clostridium difficile). Desinfección de la piel antes de inyecciones o procedimientos médicos. Limpieza de manos (cuando no hay agua y jabón). | F24: Frasco x 275 ml | G24: 10 | H24: 4568.95 | I24: 6913.2 | J24: 4091 | K24: 4616 | M24: =IFERROR(IF(Q24>(0.15),ROUND(MEDIAN(H24:L24),-3),ROUND(AVERAGE(H24:L24),-3)),"") -> 5000 | N24: =IFERROR(M24*G24,"") -> 50000 | O24: FDLB-ES-C-085-2025 DOTACION BOTIQUINES | P24: =IFERROR(STDEV(H24:L24),"") -> 1266.3505 | Q24: =IFERROR(P24/AVERAGE(H24:L24),"") -> 0.25089724 | S24: =COUNTIF(H24:L24,">0") -> 4 | T24: =1-(MIN(H24:L24)/M24) -> 0.1818
B25: 21 | C25: Dispositivos de sujeción de heridas, y accesorios y suministro | D25: Tijeras de trauma | E25: Tijeras de emergencia o tijeras médicas, son una herramienta esencial en primeros auxilios y entornos médicos de emergencia. Punta roma o redondeada diseñada para evitar perforar la piel del paciente al cortar ropa o vendajes, hoja curva o angular (en ángulo de 90° aproximadamente), permite cortar ropa o materiales en contacto con el cuerpo sin herir al paciente, material resistente generalmente hechas de acero inoxidable, algunas tienen recubrimiento antiadherente o de titanio para mayor durabilidad, capacidad de corte de materiales duros, pueden cortar ropa gruesa, cinturones de seguridad, cuero, botas e incluso algunos metales delgados. Mango ergonómico, grande y de plástico resistente, a menudo con textura antideslizante para mayor control, incluso con guantes. Fáciles de desinfectar y hechas para soportar limpiezas frecuentes con alcohol u otros desinfectantes. Tamaño compacto pero robusto, suelen medir entre 15 y 20 cm de largo, lo suficiente para ser funcionales pero portátiles. Diseñadas para uso rápido y seguro, muy utilizadas por personal de emergencia, paramédicos, enfermeros, militares y bomberos. | F25: Unidad | G25: 20 | H25: 12343.87 | I25: 11566.8 | J25: 6822.3333 | L25: 15289 | M25: =IFERROR(IF(Q25>(0.15),ROUND(MEDIAN(H25:L25),-3),ROUND(AVERAGE(H25:L25),-3)),"") -> 12000 | N25: =IFERROR(M25*G25,"") -> 240000 | O25: FDLB-ES-C-085-2025 DOTACION BOTIQUINES | P25: =IFERROR(STDEV(H25:L25),"") -> 3509.6792 | Q25: =IFERROR(P25/AVERAGE(H25:L25),"") -> 0.30504358 | S25: =COUNTIF(H25:L25,">0") -> 4 | T25: =1-(MIN(H25:L25)/M25) -> 0.43147222
B26: 22 | C26: Linternas | D26: Linterna | E26: Están diseñadas para ser confiables y funcionales en situaciones críticas como apagones, desastres naturales o emergencias en exteriores. Debe ofrecer varias horas de luz continua. Modo de bajo consumo o diferentes niveles de intensidad. Medida en lúmenes (ideal: entre 100 y 1000 lúmenes). Luz fuerte para búsqueda o rescate. Modo de baja luz para conservación de batería. Alta, media, baja intensidad. Modo intermitente o SOS: Para señalizar en emergencias, resistir lluvia o salpicaduras, construcción robusta, idealmente con carcasa de aluminio o plástico reforzado, tamaño compacto y liviano, con gancho, clip o correa para facilitar su transporte. | F26: Unidad | G26: 20 | H26: 47600 | J26: 134073.67 | L26: 12689 | M26: =IFERROR(IF(Q26>(0.15),ROUND(MEDIAN(H26:L26),-3),ROUND(AVERAGE(H26:L26),-3)),"") -> 48000 | N26: =IFERROR(M26*G26,"") -> 960000 | O26: FDLB-ES-C-085-2025 DOTACION BOTIQUINES | P26: =IFERROR(STDEV(H26:L26),"") -> 62490.946 | Q26: =IFERROR(P26/AVERAGE(H26:L26),"") -> 0.96455169 | S26: =COUNTIF(H26:L26,">0") -> 3 | T26: =1-(MIN(H26:L26)/M26) -> 0.73564583
B27: 23 | C27: Pilas alcalinas | D27: Pilas de repuesto | E27: Pilas de repuesto para literna | F27: Par | G27: 20 | H27: 4731.44 | I27: 12220 | J27: 12200 | K27: 9000 | L27: 11900 | M27: =IFERROR(IF(Q27>(0.15),ROUND(MEDIAN(H27:L27),-3),ROUND(AVERAGE(H27:L27),-3)),"") -> 12000 | N27: =IFERROR(M27*G27,"") -> 240000 | O27: FDLB-ES-C-085-2025 DOTACION BOTIQUINES | P27: =IFERROR(STDEV(H27:L27),"") -> 3245.5968 | Q27: =IFERROR(P27/AVERAGE(H27:L27),"") -> 0.32422612 | S27: =COUNTIF(H27:L27,">0") -> 5 | T27: =1-(MIN(H27:L27)/M27) -> 0.60571333
B28: 24 | C28: Vendas y vendajes y productos relacionados | D28: Micropore de 4 | E28: Está hecho de un tejido no tejido o de papel microporoso, que permite la transpiración de la piel. Transpirabilidad: Es transpirable, lo que significa que deja pasar el aire y la humedad, evitando la acumulación de sudor y humedad debajo de la cinta. Hipoalergénico: Diseñado para minimizar reacciones alérgicas o irritaciones en la piel, ideal para piel sensible. Adherencia suave: Su adhesivo es lo suficientemente fuerte para mantener la cinta en su lugar, pero suave para no dañar la piel al retirarlo. Flexibilidad: Es flexible y se adapta fácilmente a las formas del cuerpo, lo que lo hace cómodo para uso prolongado. Usos comunes: Se usa para fijar apósitos, vendas, catéteres y tubos, así como para sujetar dispositivos médicos sin causar molestias. Resistencia: No es muy resistente al agua, por lo que se debe evitar mojarlo para mantener su adhesión. Colores: Normalmente viene en color beige para que sea discreto sobre la piel. | F28: Unidad | G28: 20 | H28: 55000 | I28: 42327.6 | J28: 7523 | L28: 61086 | M28: =IFERROR(IF(Q28>(0.15),ROUND(MEDIAN(H28:L28),-3),ROUND(AVERAGE(H28:L28),-3)),"") -> 49000 | N28: =IFERROR(M28*G28,"") -> 980000 | O28: FDLB-ES-C-085-2025 DOTACION BOTIQUINES | P28: =IFERROR(STDEV(H28:L28),"") -> 23951.213 | Q28: =IFERROR(P28/AVERAGE(H28:L28),"") -> 0.57735818 | S28: =COUNTIF(H28:L28,">0") -> 4 | T28: =1-(MIN(H28:L28)/M28) -> 0.84646939
B29: 25 | C29: Estuches o bolsas o accesorios de primeros auxilios para servicios médicos y emergencias. | D29: Canguros o riñonera | E29: hechos con materiales resistentes y ligeros, como nylon o poliéster. Su tamaño es de 32 cm de alto, 20 cm de ancho y 3 cm de fondo, de color rojo, pensado para ser fácil de llevar, incluso colgado o sujetado al cuerpo. Compartimentos organizados: Tienen varios bolsillos y compartimentos para organizar diferentes tipos de suministros médicos. Permiten acceso rápido y fácil a los elementos esenciales. Uso específico para primeros auxilios básicos: Incluyen materiales para atención rápida en emergencias menores, como vendajes, apósitos, gasas, cinta adhesiva, tijeras, alcohol, y antisépticos. Fácil transporte: Equipados con asas o correas, lo que facilita su traslado en situaciones de emergencia, ideal para actividades al aire libre, guarderías, o transporte. Resistente al agua y suciedad: Están fabricados con materiales que ofrecen cierta resistencia a líquidos o polvo, para proteger los insumos. Indicadores visibles: Tienen un símbolo o etiqueta visible, generalmente una cruz o texto que identifica que es un botiquín de primeros auxilios. Diseño pensado para uso rápido: La apertura y cierre suelen ser con cremalleras o velcro para un acceso rápido. | F29: Unidad | G29: 20 | H29: 24371.2 | J29: 32000 | M29: =IFERROR(IF(Q29>(0.15),ROUND(MEDIAN(H29:L29),-3),ROUND(AVERAGE(H29:L29),-3)),"") -> 28000 | N29: =IFERROR(M29*G29,"") -> 560000 | O29: FDLB-ES-C-085-2025 DOTACION BOTIQUINES | P29: =IFERROR(STDEV(H29:L29),"") -> 5394.3762 | Q29: =IFERROR(P29/AVERAGE(H29:L29),"") -> 0.19138767 | S29: =COUNTIF(H29:L29,">0") -> 2 | T29: =1-(MIN(H29:L29)/M29) -> 0.1296
B30: 26 | C30: Estuches o bolsas o accesorios de primeros auxilios para servicios médicos y emergencias. | D30: Maleta botiquín | E30: Hechos con materiales resistentes y ligeros, como nylon o poliéster. Su tamaño es de 20 cm de largo por 18 cm de ancho y 7 cm de alto, de color rojo, pensado para ser fácil de llevar, incluso colgado. Incluyen materiales para atención rápida en emergencias menores, como antisépticos (alcohol, povidona), tijeras o bisturí, algodón, gasas estériles, esparadrapo o curitas adhesivas, venda elástica, analgésicos (paracetamol/ibuprofeno), jabón o toallas antisépticas, guantes de látex, bajalenguas, tapabocas, solución salina. Fácil transporte: Equipados con asas o correas, lo que facilita su traslado en situaciones de emergencia, ideal para actividades al aire libre, guarderías, o transporte. Resistente al agua y suciedad: Están fabricados con materiales que ofrecen cierta resistencia a líquidos o polvo, para proteger los insumos. Indicadores visibles: Tienen un símbolo o etiqueta visible, con una cruz y texto que identifica que es un botiquín de primeros auxilios. Diseño pensado para uso rápido: La apertura y cierre deben ser con cremalleras para un acceso rápido. | F30: Unidad | G30: 4 | H30: 60905.25 | I30: 170023.39 | J30: 62000 | M30: =IFERROR(IF(Q30>(0.15),ROUND(MEDIAN(H30:L30),-3),ROUND(AVERAGE(H30:L30),-3)),"") -> 62000 | N30: =IFERROR(M30*G30,"") -> 248000 | O30: FDLB-ES-C-085-2025 DOTACION BOTIQUINES | P30: =IFERROR(STDEV(H30:L30),"") -> 62685.75 | Q30: =IFERROR(P30/AVERAGE(H30:L30),"") -> 0.64198998 | S30: =COUNTIF(H30:L30,">0") -> 3 | T30: =1-(MIN(H30:L30)/M30) -> 0.017657258
B31: 27 | C31: Silbatos | D31: Silbatos | E31: Dispositivo acústico que produce un sonido agudo al soplar aire a través de él. Puede ser de plástico, metal (aluminio, acero inoxidable), madera o cerámica. El material influye en el timbre del sonido, durabilidad y peso. Tamaño compacto, fácil de transportar (muchos tienen un agujero para cordón). Diseños ergonómicos para facilitar su uso en la boca o con los dedos. Produce un sonido agudo y penetrante, que puede oírse a largas distancias. Algunos modelos pueden alcanzar más de 120 decibelios. Seguridad: silbatos de emergencia en actividades al aire libre. Diseñado para ser audible en ambientes ruidosos. | F31: Unidad | G31: 20 | H31: 7470.82 | J31: 10313.667 | L31: 3399 | M31: =IFERROR(IF(Q31>(0.15),ROUND(MEDIAN(H31:L31),-3),ROUND(AVERAGE(H31:L31),-3)),"") -> 7000 | N31: =IFERROR(M31*G31,"") -> 140000 | O31: FDLB-ES-C-085-2025 DOTACION BOTIQUINES | P31: =IFERROR(STDEV(H31:L31),"") -> 3475.4882 | Q31: =IFERROR(P31/AVERAGE(H31:L31),"") -> 0.49219776 | S31: =COUNTIF(H31:L31,">0") -> 3 | T31: =1-(MIN(H31:L31)/M31) -> 0.51442857
B32: 28 | C32: Estuches o bolsas o accesorios de primeros auxilios para servicios médicos y emergencias. | D32: Maleta botiquín tipo A | E32: botiquín básico destinado a primeros auxilios en lugares de trabajo, oficinas, hhechos con materiales resistentes y ligeros, como nylon o poliéster. Su tamaño es de 33 cm de alto por 32 cm de ancho y 9 cm de fondo, de color rojo, pensado para ser fácil de llevar. Incluyen materiales para atención rápida en emergencias menores, como gasas estériles de varios tamaños (por ejemplo, 10x10 cm, 5x5 cm), vendas adhesivas (curitas) para cortes pequeños esparadrapo para fijar gasas o vendajes, tijeras pequeñas, pinzas para retirar objetos pequeños o astillas, guantes desechables (generalmente de látex o nitrilo) para protección, algodón o hisopos, antisépticos en solución o toallitas (como alcohol o povidona yodada), manual básico de primeros auxilios o instrucciones claras. Fácil transporte: Equipados con asas o correas, lo que facilita su traslado en situaciones de emergencia, ideal para actividades al aire libre, guarderías, o transporte. Resistente al agua y suciedad: Están fabricados con materiales que ofrecen cierta resistencia a líquidos o polvo, para proteger los insumos. Indicadores visibles: Tienen un símbolo o etiqueta visible, con una cruz y texto que identifica que es un botiquín de primeros auxilios. Diseño pensado para uso rápido: La apertura y cierre deben ser con cremalleras y velcro para un acceso rápido. | F32: Unidad | G32: 4 | H32: 130900 | I32: 351948 | J32: 123467 | M32: =IFERROR(IF(Q32>(0.15),ROUND(MEDIAN(H32:L32),-3),ROUND(AVERAGE(H32:L32),-3)),"") -> 131000 | N32: =IFERROR(M32*G32,"") -> 524000 | O32: FDLB-ES-C-085-2025 DOTACION BOTIQUINES | P32: =IFERROR(STDEV(H32:L32),"") -> 129821.05 | Q32: =IFERROR(P32/AVERAGE(H32:L32),"") -> 0.64234459 | S32: =COUNTIF(H32:L32,">0") -> 3 | T32: =1-(MIN(H32:L32)/M32) -> 0.057503817
B33: 29 | C33: Manuales operativos o de instrucciones. | D33: Manual de primeros auxilios | E33: Claridad y sencillez: El lenguaje debe ser fácil de entender, evitando términos médicos complicados para que cualquier persona pueda seguir las instrucciones sin dificultad. Estructura ordenada: Debe estar organizado por temas o situaciones específicas (heridas, quemaduras, fracturas, RCP, etc.), facilitando la rápida consulta en una emergencia. Ilustraciones o diagramas: Imágenes claras que ayuden a entender los procedimientos y técnicas de primeros auxilios. Precisión y actualización: La información debe estar basada en protocolos médicos actuales y ser confiable. Pasos detallados: Debe explicar paso a paso qué hacer, qué evitar, y cómo actuar para brindar ayuda eficaz. Información preventiva: Además de cómo actuar ante emergencias, incluye consejos para prevenir accidentes. Indicaciones de seguridad: Muestra cómo proteger al auxiliador y a la víctima para evitar riesgos adicionales. Brevedad: Lo suficiente para ser completo, pero no tan extenso que dificulte su uso rápido. Contacto de emergencia: Incluye números útiles para pedir ayuda profesional. | F33: Unidad | G33: 20 | H33: 5331.2 | J33: 10313.667 | L33: 6516 | M33: =IFERROR(IF(Q33>(0.15),ROUND(MEDIAN(H33:L33),-3),ROUND(AVERAGE(H33:L33),-3)),"") -> 7000 | N33: =IFERROR(M33*G33,"") -> 140000 | O33: FDLB-ES-C-085-2025 DOTACION BOTIQUINES | P33: =IFERROR(STDEV(H33:L33),"") -> 2602.9149 | Q33: =IFERROR(P33/AVERAGE(H33:L33),"") -> 0.3523664 | S33: =COUNTIF(H33:L33,">0") -> 3 | T33: =1-(MIN(H33:L33)/M33) -> 0.2384
B34: 30 | C34: Papel libros o cuadernos para bitácora. | D34: Libreta de apuntes | E34: Debe ser pequeña, con hojas suficientes para anotar la información importante de la persona que deba mencionarse al servicio de emergencia. | F34: Unidad | G34: 20 | H34: 4760 | J34: 6346.3333 | M34: =IFERROR(IF(Q34>(0.15),ROUND(MEDIAN(H34:L34),-3),ROUND(AVERAGE(H34:L34),-3)),"") -> 6000 | N34: =IFERROR(M34*G34,"") -> 120000 | O34: FDLB-ES-C-085-2025 DOTACION BOTIQUINES | P34: =IFERROR(STDEV(H34:L34),"") -> 1121.7071 | Q34: =IFERROR(P34/AVERAGE(H34:L34),"") -> 0.20199413 | S34: =COUNTIF(H34:L34,">0") -> 2 | T34: =1-(MIN(H34:L34)/M34) -> 0.20666667
H35: =SUMPRODUCT(H5:H34,$G$5:$G$34) -> 10089987 | I35: =SUMPRODUCT(I5:I34,$G$5:$G$34) -> 10830987 | J35: =SUMPRODUCT(J5:J34,$G$5:$G$34) -> 11097816 | K35: =SUMPRODUCT(K5:K34,$G$5:$G$34) -> 3315764 | L35: =SUMPRODUCT(L5:L34,$G$5:$G$34) -> 6325121.3 | M35: =SUMPRODUCT(M5:M34,G5:G34) -> 8002000
P39: =IFERROR(STDEV(H39:L39),"")
